 Dungeon Crawl Stone Soup version 0.21-a0-338-g36cf2fc (webtiles) character file.

33073 Amnesiac the Infuser (level 13, 0/101 HPs)
             Began as a Gnoll Skald on Oct 3, 2017.
             Was a Priest of Ashenzari.
             Slain by a human (4 damage)
             ... on level 14 of the Dungeon.
             The game lasted 00:36:36 (14316 turns).

Amnesiac the Infuser (Gnoll Skald)                 Turns: 14316, Time: 00:36:36

Health: 0/101      AC: 18    Str: 17    XL:     13   Next: 68%
Magic:  0/26       EV: 14    Int: 17    God:    Ashenzari [***...]
Gold:   387        SH: 13    Dex: 15    Spells: 9/31 levels left

rFire    + + .     SeeInvis +   c - +2 spear (pierce)
rCold    x . .     Gourm    .   v - +1 shield {reflect} (curse)
rNeg     . . .     Faith    .   H - +0 fire dragon scales
rPois    .         Spirit   .   A - +2 helmet {SInv}
rElec    .         Reflect  +   X - scarf {repulsion}
rCorr    .         Harm     .   L - +0 pair of gloves
MR       .....                  J - +1 pair of boots {run} (curse)
Stlth    ++........             W - amulet of rage
HPRegen  0.26/turn              k - +2 ring of slaying
MPRegen  0.20/turn              O - +2 ring of slaying

@: infused, slowed, repel missiles, very slow
A: distributed training, fangs 1, strong nose
a: Curse Item, Scrying, Renounce Religion, Evoke Berserk Rage


You were on level 14 of the Dungeon.
You worshipped Ashenzari.
Ashenzari was most pleased with you.
You were not hungry.

You visited 1 branch of the dungeon, and saw 14 of its levels.
You also visited: Bailey.

You collected 931 gold pieces.
You spent 544 gold pieces at shops.

Inventory:

Hand Weapons
 c - a +2 spear of piercing (weapon)
Missiles
 q - 10 throwing nets
Armour
 v - a cursed +1 shield of reflection (worn)
 A - a +2 helmet of see invisible (worn)
 H - +0 fire dragon scales (worn)
 J - a cursed +1 pair of boots of running (worn)
 L - a +0 pair of gloves (worn)
 P - a +0 buckler of cold resistance
 Q - a +0 robe of fire resistance
 V - a +1 robe of positive energy
 X - a scarf of repulsion (worn)
Jewellery
 k - a +2 ring of slaying (left hand)
 r - an uncursed ring of protection from cold
 O - a +2 ring of slaying (right hand)
 W - an amulet of rage (around neck)
Wands
 b - a wand of iceblast (7/15)
 j - a wand of polymorph (13/24)
 t - a wand of clouds (7/9)
 I - a wand of iceblast (9/15)
 N - a wand of acid (3/15)
 S - a wand of lightning (10/15)
 U - a wand of acid (9/15)
 Z - a wand of disintegration (14/24)
Scrolls
 a - 2 scrolls of holy word {!r}
 g - a scroll of identify {!r}
 m - 11 scrolls of teleportation {!r}
 n - 6 scrolls of amnesia {!r}
 u - 2 scrolls of fog {!r}
 y - 4 scrolls of fear {!r}
 C - 7 scrolls of magic mapping {!r}
 D - 2 scrolls of immolation {!r}
 E - 4 scrolls of recharging {!r}
 F - 3 scrolls of enchant armour {!r}
 M - 3 scrolls of remove curse {!r}
 R - 2 scrolls of enchant weapon {!r}
 T - a scroll of blinking {!r}
Potions
 e - 4 potions of mutation {!q, unknown}
 h - 2 potions of haste {!q, unknown}
 i - a potion of ambrosia {!q}
 l - a potion of berserk rage {!q}
 o - 7 potions of curing {!q}
 p - 5 potions of heal wounds {!q}
 z - 3 potions of agility {!q, unknown}
 B - 4 potions of brilliance {!q, unknown}
 G - 3 potions of magic {!q, unknown}
 K - 2 potions of degeneration {!q, unknown}
 Y - 3 potions of lignification {!q, unknown}
Comestibles
 d - 13 bread rations
 f - 6 royal jellies
 s - 8 chunks of flesh
 w - 12 meat rations
 x - 8 fruits


   Skills:
 + Level 9.6 Fighting
 + Level 8.3 Short Blades
 + Level 8.3 Long Blades
 + Level 8.3 Axes
 + Level 8.3 Maces & Flails
 + Level 9.6 Polearms
 + Level 8.3 Staves
 + Level 8.3 Slings
 + Level 8.3 Bows
 + Level 8.3 Crossbows
 + Level 8.3 Throwing
 + Level 8.8 Armour
 + Level 9.6 Dodging
 + Level 8.3 Stealth
   Level 0.0 Stabbing
 + Level 8.3(10.2) Shields
   Level 0.0 Traps
 + Level 8.3 Unarmed Combat
 + Level 9.8 Spellcasting
 + Level 8.3 Conjurations
 + Level 8.3 Hexes
 + Level 10.5 Charms
 + Level 8.3 Summonings
 + Level 8.3 Necromancy
 + Level 8.3 Translocations
 + Level 8.3 Transmutations
 + Level 8.3 Fire Magic
 + Level 8.3 Ice Magic
 + Level 8.3 Air Magic
 + Level 8.3 Earth Magic
 + Level 8.3 Poison Magic
 + Level 8.3 Invocations
 + Level 8.3 Evocations


You had 9 spell levels left.
You knew the following spells:

 Your Spells              Type           Power        Failure   Level  Hunger
a - Infusion              Chrm           ####         1%          1    None
b - Blink                 Tloc           N/A          2%          2    None
c - Spectral Weapon       Hex/Chrm       #####...     3%          3    None
d - Ozocubu's Armour      Chrm/Ice       #####...     3%          3    None
e - Mephitic Cloud        Conj/Pois/Air  #####...     5%          3    None
f - Summon Ice Beast      Ice/Summ       #####...     17%         4    ###....
r - Regeneration          Chrm/Necr      #####.....   3%          3    None
s - Conjure Flame         Conj/Fire      #####...     5%          3    None


Dungeon Overview and Level Annotations

Branches:
Dungeon (14/15)            Temple (0/1) D:6            Lair (0/6) D:9
    Orc (0/2) D:10
 Vaults: D:13-14

Altars:
Ashenzari
Elyvilon
Ru
Trog
Uskayaw
Zin

Shops:
D:4 [   D:7 *   D:8 !}%%   D:9 *   D:14 *


Innate Abilities, Weirdness & Mutations

Your experience applies equally to all skills.
You have very sharp teeth.
Your uncanny sense of smell can sniff out nearby items.


Message History

The wizard shouts!
The wizard casts a spell.
The wizard seems to speed up.
Casting: Infusion
Confirm with . or Enter, or press ? or * to list all spells.
You don't have enough magic to cast that spell.
You hit the human. You bite the human, but do no damage.
The human is lightly wounded.
The human misses you.
You puncture the human! You bite the human.
The human is heavily wounded.
You hit the human.
The human is severely wounded.
You block the human's attack. The human hits you but does no damage.
You puncture the wizard!
The wizard is moderately wounded.
The wizard closely misses you.
The human hits you but does no damage. x2
You barely miss the wizard.
The wizard is moderately wounded.
The human hits you but does no damage.
The wizard gestures at you while chanting.
You feel yourself slow down.
You closely miss the wizard.
The wizard is moderately wounded.
You block the wizard's attack. The human hits you.
You block the human's attack. x2
You completely miss the wizard.
The wizard is moderately wounded.
The wizard misses you. The human hits you but does no damage.
You block the human's attack. The human hits you but does no damage.
You block the wizard's attack.
You hit the wizard.
The wizard is moderately wounded.
The wizard hits you but does no damage.
The human hits you but does no damage. x2
The human closely misses you. The human hits you but does no damage.
You block the wizard's attack.
You puncture the wizard!
The wizard is heavily wounded.
The wizard points at you and mumbles some strange words.
You resist with significant effort. You block the human's attack.
The human barely misses you. The human hits you.
You completely miss the wizard.
The wizard is heavily wounded.
You block the wizard's attack. You block the human's attack.
The human barely misses you. The human closely misses you. x2
The wizard barely misses you.
You closely miss the wizard.
The wizard is heavily wounded.
The wizard hits you but does no damage. The human hits you but does no damage.
You block the human's attack. x2; The human misses you.
You puncture the wizard!
The wizard is almost dead.
You block the wizard's attack. The human completely misses you.
The human hits you but does no damage. You block the human's attack.
The human hits you.
You hit the wizard. You bite the wizard.
The wizard is almost dead.
The wizard hits you but does no damage.
The wizard gestures at you while chanting.
The crystal spear hits you!
Ouch! That really hurt!
* * * LOW HITPOINT WARNING * * *
The human hits you but does no damage. The human hits you.
You die...

..##.#############........#
##### ..##.#∆∆ ,
#...!(#........#######
..##.#∆{{{
+....?#........##.....
.....# { ∆
+..⌠..#........##.....
####.#∆{{{
+.....#.###.#####.....
.....#∆∆,,,#..... #.....
####.########'''##,* ######
#.#.....#..ppp# ,
#.#....††..pp@# , >
#.#..⌠..'..⌠pp# **
####.#.....)....[#,*
.....#.....#.....#
###..##÷''######## *
#............ *
#...(...##### * #########


You could see a wizard and 6 humans.

Vanquished Creatures
  The ghost of Amnesiac the Destroyer, a journeyman GnCj of Ashenzari (D:14)
  Azrael (D:12)
  Erolcha (D:10)
  A hydra (D:14)
  A centaur warrior (D:14)
  6 two-headed ogres
  A wizard (D:9)
  A necromancer (D:14)
  11 ugly things
  2 cyclopes (D:14)
  Joseph (D:7)
  Maurice (D:13)
  A kobold demonologist (D:14)
  An efreet (D:14)
  3 trolls
  A hornet (D:9)
  5 hippogriffs
  2 shadows
  A spriggan (D:7)
  Sigmund (D:5)
  A fire elemental (D:12)
  A vampire (D:13)
  14 yaks
  A hungry ghost (D:11)
  A wraith (D:11)
  2 wyverns
  10 humans (D:14)
  An acid dragon (D:14)
  A soldier ant (D:13)
  6 hell hounds
  2 hornet zombies (D:12)
  7 sky beasts
  3 orc warriors
  5 ice beasts
  A black bear (D:6)
  2 eyes of draining
  4 phantoms
  11 centaurs
  A necrophage (D:12)
  8 ogres
  A crocodile (D:8)
  10 bullfrogs
  2 big kobolds
  8 gnoll sergeants (Bailey)
  A wyvern zombie (D:12)
  A wyvern skeleton (D:7)
  The ghost of p0werm0de the Skirmisher, a weakling MiCK of Xom (D:3)
  4 scorpions
  8 wights (D:12)
  12 killer bees
  2 howler monkeys
  15 crimson imps
  4 centaur zombies
  9 hounds
  A quasit (D:8)
  3 bullfrog skeletons
  2 jellies
  3 bullfrog zombies
  6 gnoll shamans (Bailey)
  9 orc priests
  3 centaur skeletons
  Jessica (D:2)
  4 iguanas
  13 worker ants
  13 orc wizards
  3 hound skeletons
  4 mummies (D:12)
  2 worker ant zombies
  2 howler monkey zombies
  Robin (D:4)
  27 gnolls
  18 adders
  4 shadow imps
  2 white imps (D:8)
  2 oozes
  4 worms
  3 dart slugs
  8 leopard geckos
  35 orcs
  A ball python (D:5)
  8 giant cockroaches
  16 goblins
  10 hobgoblins
  9 jackals
  4 quokkas
  7 bats
  6 frilled lizards
  A jackal skeleton (D:7)
  21 kobolds
  A quokka skeleton (D:4)
  A quokka zombie (D:8)
  5 rats
466 creatures vanquished.

Vanquished Creatures (collateral kills)
  The ghost of tof the Grappler, a journeyman TrBe of Trog (D:10)
  A big kobold (D:11)
  A kobold (D:11)
3 creatures vanquished.

Vanquished Creatures (others)
  An unseen horror (D:12)
  A fire elemental (D:12)
  A centaur (D:10)
  A wyvern zombie (D:12)
  15 spectral weapons
  2 withered plants (D:12)
21 creatures vanquished.

Grand Total: 490 creatures vanquished

Notes
Turn   | Place    | Note
-------+----------+-------------------------------------------
     0 | D:1      | Amnesiac the Gnoll Skald began the quest for the Orb.
     0 | D:1      | Reached XP level 1. HP: 20/20 MP: 6/6
   134 | D:1      | Reached XP level 2. HP: 22/26 MP: 1/7
   792 | D:2      | Reached skill level 5 in Spellcasting
   792 | D:2      | Reached XP level 3. HP: 18/31 MP: 4/9
  1051 | D:2      | Learned a level 3 spell: Spectral Weapon
  1055 | D:2      | Learned a level 3 spell: Regeneration
  1079 | D:2      | Noticed a scorpion
  1086 | D:2      | Killed a scorpion
  1086 | D:2      | Reached skill level 1 in Short Blades
  1086 | D:2      | Reached skill level 1 in Long Blades
  1086 | D:2      | Reached skill level 1 in Axes
  1086 | D:2      | Reached skill level 1 in Maces & Flails
  1086 | D:2      | Reached skill level 1 in Staves
  1086 | D:2      | Reached skill level 1 in Slings
  1086 | D:2      | Reached skill level 1 in Bows
  1086 | D:2      | Reached skill level 1 in Crossbows
  1086 | D:2      | Reached skill level 1 in Throwing
  1086 | D:2      | Reached skill level 1 in Stealth
  1086 | D:2      | Reached skill level 1 in Shields
  1086 | D:2      | Reached skill level 1 in Unarmed Combat
  1086 | D:2      | Reached skill level 1 in Conjurations
  1086 | D:2      | Reached skill level 1 in Hexes
  1086 | D:2      | Reached skill level 1 in Summonings
  1086 | D:2      | Reached skill level 1 in Necromancy
  1086 | D:2      | Reached skill level 1 in Translocations
  1086 | D:2      | Reached skill level 1 in Transmutations
  1086 | D:2      | Reached skill level 1 in Fire Magic
  1086 | D:2      | Reached skill level 1 in Ice Magic
  1086 | D:2      | Reached skill level 1 in Air Magic
  1086 | D:2      | Reached skill level 1 in Earth Magic
  1086 | D:2      | Reached skill level 1 in Poison Magic
  1086 | D:2      | Reached skill level 1 in Invocations
  1086 | D:2      | Reached skill level 1 in Evocations
  1086 | D:2      | Reached XP level 4. HP: 38/38 MP: 0/11
  1269 | D:2      | Reached XP level 5. HP: 41/43 MP: 0/12
  1296 | D:2      | Noticed Jessica
  1383 | D:2      | Killed Jessica
  1538 | D:2      | Reached XP level 6. HP: 39/50 MP: 0/13
  1786 | D:2      | Learned a level 2 spell: Blink
  1790 | D:2      | Learned a level 3 spell: Conjure Flame
  1794 | D:2      | Learned a level 3 spell: Mephitic Cloud
  2156 | D:3      | Reached skill level 5 in Fighting
  2156 | D:3      | Reached skill level 5 in Polearms
  2156 | D:3      | Reached skill level 5 in Dodging
  2274 | D:3      | Noticed p0werm0de's ghost (weakling MiCK)
  2322 | D:4      | Noticed Robin
  2338 | D:4      | Killed Robin
  2379 | D:4      | Reached XP level 7. HP: 36/56 MP: 0/15
  2426 | D:4      | Reached skill level 7 in Charms
  2562 | D:4      | Found Apraj's Antique Armour Boutique.
  2758 | D:3      | Killed p0werm0de's ghost
  3274 | D:5      | Entered Level 5 of the Dungeon
  3329 | D:5      | Noticed Sigmund
  3348 | D:5      | Killed Sigmund
  3408 | D:5      | Reached XP level 8. HP: 43/63 MP: 3/16
  4332 | D:6      | Found a shattered altar of Ashenzari.
  4421 | D:6      | Became a worshipper of Ashenzari the Shackled
  4516 | D:6      | Identified a +1 pair of boots of running (You found it on level 6 of the Dungeon)
  4733 | D:6      | Reached XP level 9. HP: 69/69 MP: 13/18
  4737 | D:6      | Found a staircase to the Ecumenical Temple.
  5280 | D:4      | Bought a shiny helmet for 217 gold pieces
  5492 | D:7      | Found Hudiw's Assorted Antiques.
  5494 | D:7      | Reached skill level 5 in Armour
  5500 | D:7      | Bought a scroll labeled BUAXTO DIULAMAOG for 30 gold pieces
  5542 | D:7      | Noticed Joseph
  5555 | D:7      | Killed Joseph
  5555 | D:7      | Reached skill level 8 in Charms
  5756 | D:7      | Found a hide-covered altar of Uskayaw.
  5756 | D:7      | Found a white marble altar of Elyvilon.
  5855 | D:7      | Reached XP level 10. HP: 38/77 MP: 3/20
  6091 | D:7      | Bought 3 scrolls labeled YJISHR GUESTYU for 90 gold pieces
  6122 | D:8      | Found a sacrificial altar of Ru.
  6212 | D:8      | Reached skill level 5 in Short Blades
  6212 | D:8      | Reached skill level 5 in Long Blades
  6212 | D:8      | Reached skill level 5 in Axes
  6212 | D:8      | Reached skill level 5 in Maces & Flails
  6212 | D:8      | Reached skill level 5 in Staves
  6212 | D:8      | Reached skill level 5 in Slings
  6212 | D:8      | Reached skill level 5 in Bows
  6212 | D:8      | Reached skill level 5 in Crossbows
  6212 | D:8      | Reached skill level 5 in Throwing
  6212 | D:8      | Reached skill level 5 in Stealth
  6212 | D:8      | Reached skill level 5 in Shields
  6212 | D:8      | Reached skill level 5 in Unarmed Combat
  6212 | D:8      | Reached skill level 5 in Conjurations
  6212 | D:8      | Reached skill level 5 in Hexes
  6212 | D:8      | Reached skill level 5 in Summonings
  6212 | D:8      | Reached skill level 5 in Necromancy
  6212 | D:8      | Reached skill level 5 in Translocations
  6212 | D:8      | Reached skill level 5 in Transmutations
  6212 | D:8      | Reached skill level 5 in Fire Magic
  6212 | D:8      | Reached skill level 5 in Ice Magic
  6212 | D:8      | Reached skill level 5 in Air Magic
  6212 | D:8      | Reached skill level 5 in Earth Magic
  6212 | D:8      | Reached skill level 5 in Poison Magic
  6212 | D:8      | Reached skill level 5 in Invocations
  6212 | D:8      | Reached skill level 5 in Evocations
  6509 | D:8      | Found Inorad's Food Shoppe.
  6871 | D:8      | Found Jethulun's Gadget Emporium.
  6888 | D:8      | Noticed a two-headed ogre
  6893 | D:8      | Found Xuurok's Distillery.
  6897 | D:8      | Killed a two-headed ogre
  7016 | D:8      | Found Peagenen's Food Emporium.
  7049 | D:9      | Found a flagged portal.
  7062 | Bailey   | Entered a bailey
  7380 | Bailey   | Reached XP level 11. HP: 30/84 MP: 7/22
  7511 | Bailey   | Got the cursed triple crossbow "Idgheatze" {venom, rPois rF- Str+6}
  7672 | D:9      | Found a staircase to the Lair.
  7683 | D:9      | Found a bloodstained altar of Trog.
  7685 | D:9      | Found a glowing silver altar of Zin.
  7773 | D:9      | Noticed a wizard
  7788 | D:9      | Killed a wizard
  7825 | D:9      | Learned a level 3 spell: Ozocubu's Armour
  7830 | D:9      | Learned a level 4 spell: Summon Ice Beast
  7869 | D:9      | Reached skill level 9 in Charms
  8069 | D:9      | Reached * piety under Ashenzari
  8257 | D:9      | Found Cuopacon's Assorted Antiques.
  8264 | D:9      | Bought a scroll labeled XIKEM SUNKYAPU for 30 gold pieces
  8264 | D:9      | Bought a scroll labeled OVOMAH VEVIH for 30 gold pieces
  8264 | D:9      | Bought a scroll labeled BUAXTO DIULAMAOG for 30 gold pieces
  8264 | D:9      | Bought a smoky dark potion for 27 gold pieces
  8264 | D:9      | Bought a scroll labeled YJISHR GUESTYU for 30 gold pieces
  8264 | D:9      | Bought a scroll labeled BUAXTO DIULAMAOG for 30 gold pieces
  8264 | D:9      | Bought a scroll labeled BYBOQI ENIRUO for 30 gold pieces
  8312 | D:10     | Entered Level 10 of the Dungeon
  8361 | D:10     | Found a staircase to the Orcish Mines.
  8690 | D:10     | Noticed Erolcha
  8726 | D:10     | Killed Erolcha
  8751 | D:10     | Noticed a two-headed ogre
  8761 | D:10     | Killed a two-headed ogre
  9043 | D:10     | Noticed tof's ghost (journeyman TrBe)
  9066 | D:10     | Killed tof's ghost
  9100 | D:10     | Reached ** piety under Ashenzari
  9135 | D:10     | Noticed a two-headed ogre
  9144 | D:10     | Killed a two-headed ogre
  9266 | D:10     | Reached XP level 12. HP: 91/93 MP: 16/24
  9621 | D:11     | Noticed a two-headed ogre
  9631 | D:11     | Killed a two-headed ogre
 10886 | D:13     | Found a sacrificial altar of Ru.
 11214 | D:13     | Reached *** piety under Ashenzari
 11612 | D:12     | Noticed Azrael
 11641 | D:12     | Killed Azrael
 11641 | D:12     | Reached skill level 10 in Charms
 12394 | D:13     | Noticed Maurice
 12404 | D:13     | Killed Maurice
 12930 | D:14     | Noticed Amnesiac's ghost (journeyman GnCj)
 12931 | D:14     | Reached XP level 13. HP: 89/101 MP: 6/26
 12952 | D:14     | Killed Amnesiac's ghost
 14125 | D:14     | Found Lanerch's General Store.
 14316 | D:14     | HP: 4/101 [wizard/crystal spear (51)]
 14316 | D:14     | Slain by a human

Vault maps used:
D:1:      dpeg_arrival_simpleton_a, serial_bayou, serial_bayou_ford_a,
          serial_bayou_lagoon_a, serial_bayou_pond_d, serial_bayou_crossing
D:2:      uniq_jessica
D:3:      first_bread
D:4:      serial_shops, shop, minmay_misc_feat_alley, uniq_robin
D:5:      serial_bayou_pond_a, uniq_sigmund
D:6:      minmay_temple_entry_mist, nicolae_ashenzari_panopticon
D:7:      cheibrodos_barr_body, gammafunk_temple_overflow_wave, serial_shops,
          nicolae_shop_trees, the_bakery, uniq_joseph
D:8:      basic_altar, serial_shops, shop, shop, shop,
          nicolae_shop_temple_entry_statues_fountains, minmay_nine_imps
D:9:      chequers_temple_overflow_statue_of_worship, lair_entry_dummy,
          serial_shops, shop_statue, enter_bailey_2, lightli_wizard_tower
D:10:     orc_0_dummy, grunt_ministairs_15, uniq_erolcha
D:11:     kennysheep_decorative_pillar
D:12:     serial_undead, serial_undead_e, serial_undead_a, serial_undead_a,
          serial_undead_a, serial_undead_f, serial_undead_d, serial_undead_d,
          serial_undead_b, serial_undead_a, serial_undead_b, uniq_azrael
D:13:     st_stairs_13, nicolae_ru_sacrificial_ziggurat, uniq_maurice
D:14:     grunt_vaults_entry_tiered, kennysheep_pointless_box, serial_shops,
          shop, uniq_frances
Bailey:   bailey_polearm_gnolls_kennysheep, bailey

Skill      XL: |  1  2  3  4  5  6  7  8  9 10 11 12 13 |
---------------+----------------------------------------+-----
Spellcasting   | 5 6 7 8 9 |  9.8
Short Blades   | 1 2 3 4 5 6 7 8 |  8.3
Long Blades    | 1 2 3 4 5 6 7 8 |  8.3
Axes           | 1 2 3 4 5 6 7 8 |  8.3
Maces & Flails | 1 2 3 4 5 6 7 8 |  8.3
Staves         | 1 2 3 4 5 6 7 8 |  8.3
Slings         | 1 2 3 4 5 6 7 8 |  8.3
Bows           | 1 2 3 4 5 6 7 8 |  8.3
Crossbows      | 1 2 3 4 5 6 7 8 |  8.3
Throwing       | 1 2 3 4 5 6 7 8 |  8.3
Stealth        | 1 2 3 4 5 6 7 8 |  8.3
Shields        | 1 2 3 4 5 6 7 8 |  8.3
Unarmed Combat | 1 2 3 4 5 6 7 8 |  8.3
Conjurations   | 1 2 3 4 5 6 7 8 |  8.3
Hexes          | 1 2 3 4 5 6 7 8 |  8.3
Summonings     | 1 2 3 4 5 6 7 8 |  8.3
Necromancy     | 1 2 3 4 5 6 7 8 |  8.3
Translocations | 1 2 3 4 5 6 7 8 |  8.3
Transmutations | 1 2 3 4 5 6 7 8 |  8.3
Fire Magic     | 1 2 3 4 5 6 7 8 |  8.3
Ice Magic      | 1 2 3 4 5 6 7 8 |  8.3
Air Magic      | 1 2 3 4 5 6 7 8 |  8.3
Earth Magic    | 1 2 3 4 5 6 7 8 |  8.3
Poison Magic   | 1 2 3 4 5 6 7 8 |  8.3
Invocations    | 1 2 3 4 5 6 7 8 |  8.3
Evocations     | 1 2 3 4 5 6 7 8 |  8.3
Armour         | 3 4 5 6 7 8 |  8.8
Fighting       | 5 6 7 8 9 |  9.6
Polearms       | 5 6 7 8 9 |  9.6
Dodging        | 5 6 7 8 9 |  9.6
Charms         | 7 8 9 10 | 10.5

Action                   |  1- 3 |  4- 6 |  7- 9 | 10-12 | 13-15 || total
-------------------------+-------+-------+-------+-------+-------++-------
Melee: Spear             |    52 |   148 |   101 |   453 |   235 ||   989
       Bite              |     1 |    11 |    24 |    66 |    34 ||   136
       Punch             |       |       |     1 |       |       ||     1
       Halberd           |       |       |   164 |   243 |       ||   407
 Cast: Infusion          |    17 |    20 |    37 |    77 |    15 ||   166
       Spectral Weapon   |     1 |    17 |    34 |    78 |    16 ||   146
       Regeneration      |       |       |     2 |    24 |       ||    26
       Summon Ice Beast  |       |       |       |     3 |       ||     3
       Ozocubu's Armour  |       |       |       |     2 |       ||     2
       Mephitic Cloud    |       |       |       |     4 |     3 ||     7
       Conjure Flame     |       |       |       |       |     4 ||     4
Invok: Curse Item        |       |       |       |     2 |       ||     2
  Use: Scroll            |       |       |       |    11 |     3 ||    14
       Potion            |       |       |       |       |     2 ||     2
 Stab: Sleeping          |     1 |     4 |    16 |    21 |     2 ||    44
       Distracted        |       |     1 |       |     9 |     4 ||    14
       Confused          |       |       |       |     3 |     2 ||     5
  Eat: Chunk             |       |     6 |    13 |    25 |     5 ||    49
Armor: Leather armour    |     5 |    16 |    37 |    40 |       ||    98
       Robe              |       |       |       |    66 |       ||    66
       Fire dragon scale |       |       |       |    12 |    60 ||    72
       Skin              |       |       |       |     1 |       ||     1
Dodge: Dodged            |    12 |    62 |   148 |   333 |    97 ||   652
       Deflected         |       |       |       |     2 |     2 ||     4
Block: Shield            |       |       |       |   163 |   104 ||   267
       Reflection        |       |       |       |    16 |     4 ||    20

Table legend:
 A = Spawn XP
 B = Non-spawn XP
 C = Spawn XP percentage of total XP
 D = Spawn monster count
 E = Non-spawn monster count
 F = Spawn count percentage of total count
 G = Total turns spent on level
                    A         B        C        D         E        F      G
               +---------+---------+-------+---------+---------+-------+---------
         Total |       0 |   47248 |   0.0 |       0 |     471 |   0.0 | 14316
               +---------+---------+-------+---------+---------+-------+---------
           D:1 |       0 |      22 |   0.0 |       0 |      11 |   0.0 |   685
           D:2 |       0 |     356 |   0.0 |       0 |      42 |   0.0 |  1201
           D:3 |       0 |     242 |   0.0 |       0 |      30 |   0.0 |   774
           D:4 |       0 |     294 |   0.0 |       0 |      20 |   0.0 |   666
           D:5 |       0 |     587 |   0.0 |       0 |      20 |   0.0 |   901
           D:6 |       0 |    1070 |   0.0 |       0 |      27 |   0.0 |  1125
           D:7 |       0 |    2501 |   0.0 |       0 |      43 |   0.0 |   770
           D:8 |       0 |    2820 |   0.0 |       0 |      40 |   0.0 |   915
           D:9 |       0 |    3651 |   0.0 |       0 |      39 |   0.0 |   693
          D:10 |       0 |    5636 |   0.0 |       0 |      33 |   0.0 |  1262
          D:11 |       0 |    3487 |   0.0 |       0 |      20 |   0.0 |   801
          D:12 |       0 |    5972 |   0.0 |       0 |      45 |   0.0 |  1107
          D:13 |       0 |    3460 |   0.0 |       0 |      26 |   0.0 |  1392
          D:14 |       0 |   15915 |   0.0 |       0 |      45 |   0.0 |  1442
        Bailey |       0 |    1235 |   0.0 |       0 |      30 |   0.0 |   582
               +---------+---------+-------+---------+---------+-------+---------
